 Dungeon Crawl Stone Soup version 0.28-a0-821-g923ab73998 (webtiles) character file.

Game seed: 13184802634349063439

74 Ijustatesigmund the Skirmisher (level 4, -4/30 HPs)
             Began as a Gargoyle Fighter on Nov 9, 2021.
             Killed by divine providence
             ... invoked by an orc priest
              (13 damage)
             ... on level 3 of the Dungeon.
             The game lasted 00:02:54 (1675 turns).

Ijustatesigmund the Skirmisher (Gargoyle Fighter)   Turns: 1675, Time: 00:02:55

Health: -4/30      AC: 10    Str: 20    XL:     4   Next: 30%
Magic:  4/4        EV:  9    Int:  9    God:
Gold:   135        SH:  4    Dex:  9    Spells: 3/3 levels left

rFire   . . .      SeeInvis .   a - +0 flail
rCold   . . .      Faith    .   c - +0 buckler
rNeg    + . .      Spirit   .   b - +0 scale mail
rPois   ∞          Reflect  .   (no helmet)
rElec   +          Harm     .   (no cloak)
rCorr   .          Rampage  .   (no gloves)
Will    .....                   (no boots)
Stlth   ..........              (no amulet)
HPRegen 0.10/turn               (no ring)
MPRegen 0.09/turn               (no ring)

@: no status effects
A: sickness immunity, AC +3, negative energy resistance 1, electricity
resistance, torment resistance 1, petrification resistance
a: no special abilities


You were on level 3 of the Dungeon.
You visited 1 branch of the dungeon, and saw 3 of its levels.

You collected 135 gold pieces.

Inventory:

Hand Weapons
 a - a +0 flail (weapon)
Armour
 b - a +0 scale mail (worn)
 c - a +0 buckler (worn)
Jewellery
 e - a ring of flight
Potions
 d - a potion of might
 f - a potion of brilliance
 g - a potion of heal wounds


   Skills:
 + Level 4.5 Fighting
 + Level 3.4 Maces & Flails
 - Level 3.2 Armour
 - Level 3.2 Shields


You had 3 spell levels left.
You didn't know any spells.
Your spell library contained the following spells:

 Spells                   Type           Power      Damage    Failure   Level
 Tukima's Dance           Hex            0%         N/A       98%         3
 Passage of Golubria      Tloc           0%         N/A       100%        4
 Yara's Violent Unravell  Hex/Tmut       0%         3d3       100%        5


Dungeon Overview and Level Annotations

Branches:
Dungeon (3/15)

Altars:

Annotations:
D:2 Sigmund


Innate Abilities, Weirdness & Mutations

You are immune to sickness and miasma.
Your stone body is resilient. (AC +3)
You are immune to poison.
You resist negative energy. (rN+)
You are resistant to electric shocks. (rElec)
You are resistant to unholy torment.
You are immune to petrification.


Message History

The orc priest shouts!
The orc hits you but does no damage.
You barely miss the orc. The orc hits you with a +0 hand axe.
You sock the orc!
You kill the orc!
The orc priest looks encouraged for a moment.
You thump the orc!
You kill the orc!
The orc priest looks satisfied for a moment.
Items here: )) [[ †.
The orc priest hits you with a +0 short sword.
You hit the orc priest.
The orc priest is lightly wounded.
The orc priest hits you with a +0 short sword.
You barely miss the orc priest.
The orc priest is lightly wounded.
The orc priest hits you with a +0 short sword. x2
You are too injured to fight recklessly!
You are too injured to fight recklessly!
You are too injured to fight recklessly!
You hit the orc priest.
The orc priest is heavily wounded.
The orc priest hits you with a +0 short sword.
You closely miss the orc priest.
The orc priest is heavily wounded.
The orc priest looks satisfied for a moment.
You hit the orc priest.
The orc priest is heavily wounded.
The orc priest hits you but does no damage.
You closely miss the orc priest.
The orc priest is heavily wounded.
The orc priest invokes the aid of Beogh against you.
Pain shoots through your body!
* * * LOW HITPOINT WARNING * * *
The orc priest hits you but does no damage.
You hit the orc priest.
The orc priest is severely wounded.
The orc priest invokes the aid of Beogh against you.
Beogh smites you!
You die...

#.# #.......# ##...## ###.#
###.##### ##.....# # ##.#.###
#...#.## ##.......
####......#####......####........
'....................)).'........
####......######.#...####........
# ##.....# #.##.## ##.......
#.....# #)#### ##.....# ###.###
#@# ##...## #######.# #o# ≈≈####
......#.# #.# .. #####.#.# #.#
.≈≈. ### #.#.# #.. ..... ..#
#.#.# ... .≈≈.. #.# #.#.# #.# ...
#.###.#.# #.. ≈≈### #.......# #
#..# #


You could see an orc priest.

Vanquished Creatures
  A howler monkey (D:3)
  4 orcs (D:3)
  4 bats
  7 goblins
  2 hobgoblins
  6 ball pythons
  3 frilled lizards (D:1)
  A kobold (D:1)
  3 rats
31 creatures vanquished.

Notes
Turn   | Place    | Note
-------+----------+-------------------------------------------
     0 | D:1      | Ijustatesigmund the Gargoyle Fighter began the quest for
                  | the Orb.
     0 | D:1      | Reached XP level 1. HP: 14/14 MP: 1/1
   424 | D:1      | Reached XP level 2. HP: 16/19 MP: 2/2
   790 | D:2      | Noticed Sigmund
  1173 | D:3      | Noticed a howler monkey
  1196 | D:3      | Killed a howler monkey
  1197 | D:3      | Reached skill level 4 in Fighting
  1197 | D:3      | Reached XP level 3. HP: 13/24 MP: 3/3
  1197 | D:3      | Reached XP level 4. HP: 16/30 MP: 4/4
  1675 | D:3      | Killed from afar by an orc priest

Illustrated notes

Levels and vault maps discovered:
D:1:      scummos_arrival_simple_fountains, layout_basic
D:2:      layout_basic, chequers_ecumenical_altar_simple, uniq_terence,
          uniq_sigmund
D:3:      layout_loops_corners, nicolae_uskayaw_suspiria,
          kennysheep_cross_bottleneck, minmay_misc_feat_cross, uniq_natasha

Skill      XL: |  1  2 |
---------------+-------+-----
Fighting       | 4 |  4.5
Maces & Flails | 3 |  3.4
Armour         | |  3.2
Shields        | |  3.2

Action                   |  1- 3 |  4- 6 || total
-------------------------+-------+-------++-------
Melee: Flail             |    79 |    33 ||   112
  Use: Scroll            |     3 |       ||     3
Armor: Scale mail        |    45 |    13 ||    58
Dodge: Dodged            |    45 |    17 ||    62
Block: Buckler           |    19 |     3 ||    22

Table legend: (Time is in decaauts)
 A = Elapsed time spent in this place.
 B = Non-inter-level travel time spent in this place.
 C = Inter-level travel time spent in this place.
 D = Time resting spent in this place.
 E = Time spent auto-exploring this place.
 F = Levels seen in this place.
 G = Mean time per level.
                   A        B        C        D        E       F      G
               +--------+--------+--------+--------+--------+-----+--------+
         Total |   1707 |   1681 |     26 |    130 |   1003 |   3 |  569.0 |
       Dungeon |   1707 |   1681 |     26 |    130 |   1003 |   3 |  569.0 |
               +--------+--------+--------+--------+--------+-----+--------+

Top non-repeatable levels by time:
     D:1: 840 daAuts
     D:3: 593 daAuts
     D:2: 273 daAuts
